 Dungeon Crawl Stone Soup version 0.17.1-2-g5865329 (webtiles) character file.

1941 poirepourri the Thaumaturge (level 8, -4/41 HPs)
             Began as a Deep Elf Fire Elementalist on Jan 23, 2016.
             Slain by an orc warrior
             ... wielding a +0 battleaxe
              (15 damage)
             ... on level 6 of the Dungeon.
             The game lasted 00:22:57 (12193 turns).

poirepourri the Thaumaturge (DEFE)                 Turns: 12193, Time: 00:22:57

Health: -4/41      AC:  7    Str:  5    XL:     8   Next: 98%
Magic:  12/23      EV: 15    Int: 23    God:
Gold:   293        SH:  0    Dex: 15    Spells: 6 memorised, 7 levels left

rFire  + . .     SeeInvis .     c - +0 short sword
rCold  . . .     Clarity  .     i - +2 robe {MR+}
rNeg   . . .     SustAt   .     (no shield)
rPois  +         Gourm    .     (no helmet)
rElec  .         Spirit   .     p - +0 cloak
rCorr  .         Warding  .     d - +1 pair of gloves
rMut   .         Stasis   .     (no boots)
MR     +....                    (no amulet)
Stlth  +++.......               (no ring)
                                g - ring of poison resistance

@: somewhat resistant to hostile enchantments, fairly stealthy
A: fire resistance 1
a: no special abilities


You were on level 6 of the Dungeon.
You were not hungry.

You visited 2 branches of the dungeon, and saw 7 of its levels.

You collected 293 gold pieces.

Inventory:

Hand Weapons
 c - a +0 short sword (weapon)
Armour
 a - a +1 robe
 d - a +1 pair of gloves (worn)
 i - a +2 robe of magic resistance (worn)
 p - a +0 cloak (worn)
Rods
 f - a +2 rod of inaccuracy (12/12)
   (You found it on level 5 of the Dungeon)
Jewellery
 g - a ring of poison resistance (left hand)
Wands
 h - a wand of polymorph (13)
 q - a wand of random effects (17)
 s - a wand of cold (2)
Scrolls
 k - a scroll of remove curse
 l - a scroll of enchant weapon {unknown}
Potions
 j - a potion of agility
 n - a potion of lignification
 r - a potion of magic {unknown}
 t - 3 potions of might
Books
 b - a book of Flames

   Spells                             Type                      Level
   a - Flame Tongue                   Conjuration/Fire             1
   b - Throw Flame                    Conjuration/Fire             2
   c - Conjure Flame                  Conjuration/Fire             3
   d - Inner Flame                    Hexes/Fire                   3
   e - Sticky Flame                   Conjuration/Fire             4
   f - Fireball                       Conjuration/Fire             5


   Skills:
 + Level 0.6 Short Blades
 + Level 5.9 Dodging
 + Level 4.2 Stealth
 - Level 0.1 Unarmed Combat
 + Level 9.0 Spellcasting
 + Level 6.3 Conjurations
 + Level 7.0 Fire Magic


You had 7 spell levels left.
You knew the following spells:

 Your Spells              Type           Power        Failure   Level  Hunger
a - Flame Tongue          Conj/Fire      #####        1%          1    None
b - Throw Flame           Conj/Fire      #####.       1%          2    None
c - Conjure Flame         Conj/Fire      #####...     1%          3    None
d - Inner Flame           Hex/Fire       ####....     6%          3    None
e - Sticky Flame          Conj/Fire      #####...     6%          4    ##.....
f - Fireball              Conj/Fire      #####.....   14%         5    ####...


Dungeon Overview and Level Annotations

Branches:
Dungeon (6/15)             Temple (1/1) D:6

Altars:
Ashenzari
Dithmenos
Elyvilon
Fedhas
Gozag
Makhleb
Nemelex Xobeh
Okawaru
Ru
Sif Muna
Trog
Xom
The Shining One

Annotations:
D:6 bollicks1999's ghost, novice HOFi


Innate Abilities, Weirdness & Mutations

Your flesh is heat resistant.


Message History

The orc warrior looks frightened!
The orc priest looks frightened!
The orc looks frightened!
The crimson imp misses you.
Casting: Flame Tongue
Confirm with . or Enter, or press ? or * to list all spells.
Aiming: Flame Tongue
Press: ? - help, Shift-Dir - straight line, f/p - orc warrior
Aim: an orc warrior, wielding a battleaxe and wearing a plate armour (moderately wounded, fleeing)
The flame tongue misses the orc warrior.
Cornered, the orc warrior turns to fight!
The crimson imp hits you.
* * * LOW HITPOINT WARNING * * *
Casting: Flame Tongue
Confirm with . or Enter, or press ? or * to list all spells.
Aiming: Flame Tongue
Press: ? - help, Shift-Dir - straight line, f/p - orc warrior
Aim: an orc warrior, wielding a battleaxe and wearing a plate armour (moderately wounded)
The flame tongue hits the orc warrior.
The orc warrior is severely wounded.
The orc warrior hits you with a battleaxe!
You die...

##########.#
...........# .#
############ .#
.....# o# #....# .#
#....# o# #....# .#
#.[..############o#
#.............)5@.#
#....##############
#....# #....#
#....# ######


You could see an orc warrior, an orc priest (fleeing), a crimson imp and an orc
(fleeing).

Vanquished Creatures
  Prince Ribbit (D:6)
  Eustachio (D:4)
  3 ogres
  A necrophage (D:5)
  A gnoll sergeant (D:5)
  2 scorpions (D:4)
  A hound (D:5)
  2 centaur zombies
  A crimson imp (D:4)
  2 giant frog skeletons
  Crazy Yiuf (D:5)
  An orc priest (D:6)
  2 gnoll shamans (D:5)
  A centaur skeleton (D:6)
  2 orc wizards
  2 iguanas (D:4)
  3 worker ants (D:4)
  A hound zombie (D:6)
  Robin (D:4)
  7 adders
  33 gnolls
  A shadow imp (D:5)
  4 worms
  5 giant geckos
  19 orcs
  14 goblins
  8 hobgoblins
  3 quokkas
  14 bats
  7 giant cockroaches
  6 giant newts
  4 goblin skeletons (D:4)
  2 goblin zombies (D:4)
  5 hobgoblin zombies (D:4)
  24 jackals
  19 kobolds
  A kobold skeleton (D:4)
  A kobold zombie (D:4)
  2 orc skeletons (D:4)
  2 orc zombies (D:4)
  A quokka skeleton (D:4)
  10 rats
  A butterfly (D:5)
222 creatures vanquished.

Notes
Turn   | Place    | Note
--------------------------------------------------------------
     0 | D:1      | poirepourri the Deep Elf Fire Elementalist began the quest for the Orb.
     0 | D:1      | Reached XP level 1. HP: 10/10 MP: 6/6
   347 | D:1      | Reached XP level 2. HP: 15/15 MP: 6/8
   524 | D:1      | Learned a level 2 spell: Throw Flame
   889 | D:2      | Reached XP level 3. HP: 3/19 MP: 6/10
  1103 | D:2      | Reached skill level 4 in Fire Magic
  2092 | D:2      | Reached XP level 4. HP: 8/24 MP: 0/11
  3562 | D:3      | Found a bloodstained altar of Trog.
  4010 | D:3      | Reached XP level 5. HP: 9/28 MP: 0/13
  4076 | D:3      | Noticed an ogre
  4092 | D:3      | Killed an ogre
  4486 | D:3      | Reached skill level 5 in Spellcasting
  4921 | D:3      | Reached XP level 6. HP: 32/32 MP: 12/15
  5103 | D:4      | Noticed Eustachio
  5114 | D:4      | Killed Eustachio
  5114 | D:4      | Reached skill level 5 in Fire Magic
  5260 | D:4      | Found a shattered altar of Ashenzari.
  5861 | D:4      | Learned a level 3 spell: Conjure Flame
  5865 | D:4      | Learned a level 3 spell: Inner Flame
  5870 | D:4      | Learned a level 4 spell: Sticky Flame
  5961 | D:4      | Found a glowing golden altar of the Shining One.
  5988 | D:4      | Reached XP level 7. HP: 30/36 MP: 3/17
  6795 | D:4      | Reached skill level 6 in Spellcasting
  6815 | D:4      | Found an opulent altar of Gozag.
  6903 | D:4      | Reached skill level 5 in Dodging
  7512 | D:4      | Noticed Robin
  7523 | D:4      | Killed Robin
  7790 | D:5      | Entered Level 5 of the Dungeon
  8022 | D:5      | Noticed Prince Ribbit
  8168 | D:5      | Noticed Crazy Yiuf
  8182 | D:5      | Killed Crazy Yiuf
  8461 | D:5      | Reached skill level 7 in Spellcasting
  8522 | D:5      | Reached XP level 8. HP: 41/41 MP: 9/20
  9626 | D:5      | Reached skill level 5 in Conjurations
  9637 | D:5      | Gained mutation: You have large cloven feet. [potion of mutation]
  9637 | D:5      | Lost mutation: You have large cloven feet. [potion of mutation]
  9637 | D:5      | Gained mutation: Your flesh is heat resistant. [potion of mutation]
 10089 | D:5      | Reached skill level 8 in Spellcasting
 10234 | D:5      | Found a sparkling altar of Nemelex Xobeh.
 10235 | D:5      | Found an opulent altar of Gozag.
 10281 | D:5      | Found a shimmering altar of Xom.
 10491 | D:6      | Noticed bollicks1999's ghost (novice HOFi)
 10555 | D:5      | Learned a level 5 spell: Fireball
 10991 | D:6      | Found an iron altar of Okawaru.
 11101 | D:6      | Killed Prince Ribbit
 11736 | D:6      | Found a staircase to the Ecumenical Temple.
 11742 | Temple   | Entered the Ecumenical Temple
 12029 | D:6      | Identified a +2 rod of inaccuracy (12/12) (You found it on level 5 of the Dungeon)
 12187 | D:6      | Reached skill level 9 in Spellcasting
 12193 | D:6      | Slain by an orc warrior

Action                   |  1- 3 |  4- 6 |  7- 9 || total
-------------------------+-------+-------+-------++-------
Melee: Unarmed           |    22 |     3 |       ||    25
       Short sword       |       |    19 |   221 ||   240
 Cast: Flame Tongue      |    53 |    60 |   167 ||   280
       Throw Flame       |    27 |    63 |   111 ||   201
       Fireball          |       |       |     5 ||     5
       Sticky Flame      |       |       |     3 ||     3
  Use: Scroll            |     3 |     2 |     9 ||    14
       Potion            |     1 |       |    10 ||    11
  Eat: Bread ration      |     1 |     1 |     1 ||     3
       Meat ration       |       |     1 |     2 ||     3
       Fruit             |       |     5 |       ||     5
       Chunk             |       |     2 |     3 ||     5
       Pizza             |       |       |     1 ||     1
       Beef jerky        |       |       |     1 ||     1
